 Dungeon Crawl Stone Soup version 0.29-a0-393-g47a863cc1b (webtiles) character file.

Game seed: 7909120332018776136

38591 NinjaNoafa the Protected (level 13, -13/99 (123) HPs)
             Began as a Minotaur Fighter on May 9, 2022.
             Was the Champion of Ru.
             Killed from afar by a fire giant (18 damage)
             ... with a bolt of fire
             ... on level 15 of the Dungeon.
             The game lasted 00:36:26 (18885 turns).

NinjaNoafa the Protected (Minotaur Fighter)        Turns: 18885, Time: 00:36:26

HP:   -13/99 (123)  AC: 22    Str: 25    XL:     13   Next: 64%
MP:   11/16         EV:  9    Int: 11    God:    Ru [******]
Gold: 135           SH:  0    Dex: 12    Spells: 18/18 levels left

rFire   + . .      SeeInvis .   g - +8 broad axe of Valour {vorpal, rF+ Will+ Dex+3}
rCold   x x .      Faith    +   (no shield)
rNeg    + + .      Spirit   .   B - +3 chain mail of the Fletcher {rN+ Int+6 Dex-2 Slay+5}
rPois   .          Reflect  .   (helmet restricted)
rElec   .          Harm     .   n - +1 cloak
rCorr   .          Rampage  .   (no gloves)
Will    +....                   u - +2 pair of boots
Stlth   ..........              d - amulet of faith
HPRegen 0.26/turn               q - ring of fire
MPRegen 0.15/turn               b - ring "Aputunur" {Drain Fly rN+ Slay+4}

@: exhausted, flying, heavily drained
A: horns 2, inability to use devices, hated by all, no conjurations magic, no
earth magic, no transmutations magic, temperature sensitive, retaliatory
headbutt, mutation resistance 1, no potion heal 1
a: Renounce Religion, Draw Out Power, Power Leap, Apocalypse


You were on level 15 of the Dungeon.
You worshipped Ru.
Ru was exalted by your worship.
You visited 4 branches of the dungeon, and saw 18 of its levels.
You also visited: Sewer.

You collected 811 gold pieces.
You spent 676 gold pieces at shops.

Inventory:

Hand Weapons
 g - the +8 broad axe of Valour (weapon) {vorpal, rF+ Will+ Dex+3}
   (You found it on level 14 of the Dungeon)

   It inflicts extra damage upon your enemies.
   Dex:       It affects your dexterity (+3).
   rF:        It protects you from fire.
   Will:      It increases your willpower.
Missiles
 h - 15 poisoned darts (quivered)
Armour
 n - a +1 cloak (worn)
 u - a +2 pair of boots (worn)
 B - the +3 chain mail of the Fletcher (worn) {rN+ Int+6 Dex-2 Slay+5}
   (You found it on level 1 of the Lair of Beasts)

   Int:       It affects your intelligence (+6).
   Dex:       It affects your dexterity (-2).
   Slay:      It affects your accuracy & damage with ranged weapons and melee
   (+5).
   rN:        It protects you from negative energy.
Jewellery
 b - the ring "Aputunur" (right hand) {Drain Fly rN+ Slay+4}
   (You acquired it on level 14 of the Dungeon)

   [ring of slaying]

   Slay:      It affects your accuracy & damage with ranged weapons and melee
   (+4).
   rN:        It protects you from negative energy.
   Fly:       It grants you flight.
   Drain:     It drains your maximum health when unequipped.
 c - a ring of protection from fire
 d - an amulet of faith (around neck)
 j - an amulet of guardian spirit
 q - a ring of fire (left hand)
 r - a +6 ring of strength
 v - a ring of resist corrosion
 w - a ring of poison resistance
Scrolls
 k - 4 scrolls of vulnerability
 x - a scroll of poison
 y - a scroll of torment
 C - a scroll of silence
Potions
 e - a potion of curing
 m - 3 potions of brilliance
 t - a potion of might


   Skills:
 - Level 13.7 Fighting
 - Level 11.3 Long Blades
 - Level 9.8(12.4) Axes
 - Level 12.1(13.5) Maces & Flails
 + Level 4.0 Throwing
 - Level 13.8 Armour
 - Level 3.6 Shields
 - Level 3.0 Spellcasting


You had 18 spell levels left.
You didn't know any spells.
Your spell library contained the following spells:

 Spells                   Type           Power      Damage    Failure   Level
 Corpse Rot               Necr/Air       2%         N/A       86%         2
 Gell's Gravitas          Tloc           1%         N/A       97%         3
 Lesser Beckoning         Tloc           1%         N/A       97%         3
 Teleport Other           Tloc           1%         N/A       97%         3
 Dispel Undead            Necr           1%         3d6       100%        4
 Agony                    Necr           1%         N/A       100%        5
 Silence                  Hex/Air        0%         N/A       100%        5
 Magic Dart               Conj           Unusable   1d3       N/A         1
 Searing Ray              Conj           Unusable   2d4       N/A         2
 Dazzling Flash           Conj/Hex       Unusable   N/A       N/A         3
 Fulminant Prism          Conj/Hex       Unusable   3d6       N/A         4
 Iskenderun's Battlesphe  Conj           Unusable   2d6       N/A         5
 Death Channel            Necr           Unusable   N/A       N/A         6
 Iron Shot                Conj/Erth      Unusable   9d1       N/A         6
 Spellforged Servitor     Conj/Summ      Unusable   N/A       N/A         7

Dungeon Overview and Level Annotations

Branches:
Dungeon (15/15)            Temple (1/1) D:5            Lair (1/6) D:10
    Orc (1/2) D:12         Vaults (0/5) D:14         Depths (0/4) D:15
  Sewer (visited)

Altars:
Ashenzari
Cheibriados
Dithmenos
Elyvilon
Fedhas
Gozag
Hepliaklqana
Kikubaaqudgha
Makhleb
Nemelex Xobeh
Okawaru
Qazlal
Ru
Sif Muna
Trog
Uskayaw
Vehumet
Wu Jian
Xom
Yredelemnul
Zin
The Shining One
Beogh

Shops:
D:14 =?:=

Annotations:
D:7 3 runed translucent doors, HendSelp's ghost, novice TeMo


Innate Abilities, Weirdness & Mutations

You have a pair of horns on your head.
You cannot study or use magical devices.
You are hated by all.
You cannot study or cast Conjurations magic.
You cannot study or cast Earth magic.
You cannot study or cast Transmutations magic.
You are sensitive to extremes of temperature. (rF-, rC-)
You reflexively headbutt those who attack you in melee.
You are somewhat resistant to further mutation.
Potions are less effective at restoring your health.


Message History

The skeletal warrior closely misses you.
You furiously retaliate!
You headbutt the skeletal warrior, but do no damage.
Okay, then.
Okay, then.
Okay, then.
The skeletal warrior hits you but does no damage.
You slash the skeletal warrior!
You destroy the skeletal warrior!
Activating: Apocalypse
Press: ? - help, Dir - look around, f - activate You reveal the great annihilating truth to your foes!
You kill the deep elf pyromancer!
You feel drained.
You hear a roar!
You hear an angry hiss.
You hear a shout!
Your Throwing skill increases to level 4!
You start resting.
A nine-headed hydra is nearby!
The fire giant shouts!
The fire giant gestures at you while chanting.
The fireball explodes!
The fireball engulfs you. You resist.
* * * LOW HITPOINT WARNING * * *
You hear a shout!
The nine-headed hydra bites you but does no damage.
The nine-headed hydra bites you.
* * * LOW HITPOINT WARNING * * *
The nine-headed hydra bites you!
* * * LOW HITPOINT WARNING * * *
The nine-headed hydra bites you but does no damage.
The nine-headed hydra bites you.
* * * LOW HITPOINT WARNING * * *
The nine-headed hydra completely misses you.
The nine-headed hydra bites you.
* * * LOW HITPOINT WARNING * * *
The nine-headed hydra bites you but does no damage. x2
You redirect the fire giant's attack!
The fire giant gestures at the nine-headed hydra while chanting.
The bolt of fire hits the nine-headed hydra!!
The bolt of fire hits you!! You resist.
You die...

##.,,,,........(.....#
...,,,,....#.........#
.................(...#
.....................#
...^.............)§..#
.............)..§.§§.#
..zc..,.§....###.#####
z§....,,..§§§.##.#
z§....,≈,≈§≈...#@#
§§...≈≈≈§.§§≈≈.D.#
§§...≈*≈§≈§§#§...#
###.§≈≈≈≈.≈§§≈≈..#
#**,,≈≈≈...≈§§...#
..,,≈*≈,.>.C§#§..#
..*,,≈≈≈§§§§§≈...#
..*,≈≈≈≈§§≈≈§≈≈..#
..#,,≈*≈§≈≈≈#§§..#


You could see a fire giant (distracted) and a nine-headed hydra (unaware).

Vanquished Creatures
  Rupert (D:14)
  Kirke (D:14)
  A vault guard (D:14)
  A hydra (D:12)
  Erolcha (D:10)
  3 boulder beetles
  3 two-headed ogres
  A death yak (D:9)
  3 skeletal warriors
  A deep troll (D:14)
  4 deep elf pyromancers
  A lindwurm (D:14)
  An orc knight (D:11)
  A salamander (shapeshifter) (D:11)
  5 cyclopes
  6 ugly things (D:15)
  6 manticores
  A faun (shapeshifter) (D:15)
  2 molten gargoyles
  2 gargoyles (D:12)
  2 komodo dragons
  An efreet (D:15)
  A freezing wraith (D:14)
  3 polar bears (D:9)
  5 trolls
  3 meliai (D:12)
  5 slime creatures
  A jumping spider (shapeshifter) (D:14)
  Sigmund (D:3)
  A shadow (D:12)
  A centaur simulacrum (D:15)
  A vampire (D:12)
  32 yaks
  3 wraiths
  A steam dragon (D:7)
  Grum (D:11)
  7 hogs (D:14)
  4 vampire mosquitoes
  9 acid dragons
  Duvessa (D:4)
  A water moccasin (D:8)
  4 ice beasts
  A sky beast (D:6)
  5 black bears
  A black bear (shapeshifter) (D:8)
  3 orc warriors
  3 wolves (D:11)
  An ogre (D:6)
  A centaur (D:11)
  2 phantoms
  A bullfrog (D:8)
  A kobold brigand (D:8)
  3 necrophages
  3 scorpions
  21 wights
  Dowan (D:4)
  6 killer bees (D:5)
  2 electric eels
  3 crimson imps (D:15)
  A lava snake (D:13)
  4 jellies
  4 orc priests
  3 gnoll shamans
  4 hounds
  Ijyb (D:4)
  Terence (D:3)
  An iguana (D:4)
  4 orc wizards
  A merfolk siren (Sewer)
  A merfolk avatar (Sewer)
  Robin (D:2)
  11 gnolls
  6 adders
  4 river rats
  3 white imps
  A howler monkey simulacrum (D:9)
  3 ufetubi
  3 worms
  26 orcs
  10 ball pythons
  7 endoplasms
  6 giant cockroaches
  11 goblins
  6 hobgoblins
  3 jackals (D:2)
  4 kobolds
  4 quokkas
  8 bats
  4 frilled lizards
  34 rats
371 creatures vanquished.

Vanquished Creatures (collateral kills)
  A goblin (D:2)
1 creature vanquished.

Vanquished Creatures (others)
  A skeletal warrior (D:15)
  A manticore (D:13)
  A troll (D:9)
  A yak (D:10)
  2 wights
  A howler monkey (D:9)
  A gnoll (D:7)
  An orc (D:12)
  18 plants (D:10)
27 creatures vanquished.

Grand Total: 399 creatures vanquished

Notes
Turn   | Place    | Note
-------+----------+-------------------------------------------
     0 | D:1      | NinjaNoafa the Minotaur Fighter began the quest for the
                  | Orb.
     0 | D:1      | Reached XP level 1. HP: 19/19 MP: 0/0
   388 | D:1      | Reached XP level 2. HP: 27/27 MP: 1/1
   733 | D:2      | Reached XP level 3. HP: 32/33 MP: 2/2
   880 | D:2      | Found a basalt altar of Yredelemnul.
   908 | D:2      | Noticed Robin
  1184 | D:2      | Killed Robin
  1188 | D:2      | Reached XP level 4. HP: 21/41 MP: 3/3
  1670 | D:3      | Noticed Terence
  1682 | D:3      | Killed Terence
  1924 | D:3      | Noticed Sigmund
  1939 | D:3      | Killed Sigmund
  1940 | D:3      | Reached skill level 5 in Fighting
  1940 | D:3      | Reached skill level 5 in Armour
  1940 | D:3      | Reached XP level 5. HP: 30/50 MP: 1/4
  1940 | D:3      | Reached XP level 6. HP: 34/57 MP: 1/5
  2412 | D:4      | Noticed Duvessa
  2413 | D:4      | Noticed Dowan
  2420 | D:4      | Killed Duvessa
  2428 | D:4      | Killed Dowan
  2597 | D:4      | Noticed Ijyb
  2606 | D:4      | Killed Ijyb
  2653 | D:4      | Gained mutation: You are frail. (-10% HP) [potion of
                  | mutation]
  2653 | D:4      | Gained mutation: A frigid envelope surrounds you and
                  | freezes all who hurt you. [potion of mutation]
  2653 | D:4      | Gained mutation: You have sharp fingernails. [potion of
                  | mutation]
  2663 | D:4      | Reached XP level 7. HP: 11/57 MP: 4/6
  3013 | D:4      | Reached skill level 1 in Evocations
  3115 | D:4      | Found an iron altar of Okawaru.
  3153 | D:4      | Lost mutation: You have sharp fingernails. [potion of
                  | mutation]
  3153 | D:4      | Lost mutation: A frigid envelope surrounds you and freezes
                  | all who hurt you. [potion of mutation]
  3153 | D:4      | Gained mutation: You are agile. (Dex +2) [potion of
                  | mutation]
  3504 | D:5      | Entered Level 5 of the Dungeon
  3595 | D:5      | Found a staircase to the Ecumenical Temple.
  3607 | D:5      | Reached skill level 5 in Maces & Flails
  3905 | D:5      | Reached XP level 8. HP: 33/65 MP: 7/7
  5035 | D:6      | Reached skill level 1 in Long Blades
  5035 | D:6      | Reached XP level 9. HP: 73/73 MP: 8/8
  5110 | D:6      | Found a glowing drain.
  5153 | Sewer    | Entered a sewer
  5490 | Sewer    | Reached skill level 5 in Long Blades
  6437 | Temple   | Entered the Ecumenical Temple
  6754 | Temple   | Became a worshipper of Ru the Awakened
  7240 | D:7      | Found a hide-covered altar of Uskayaw.
  7246 | D:7      | Noticed a komodo dragon
  7247 | D:7      | Noticed HendSelp's ghost (novice TeMo)
  7249 | D:7      | Noticed a two-headed ogre
  7250 | D:7      | Found a runed translucent gate.
  7250 | D:7      | Found a runed translucent gate.
  7584 | D:7      | Found a runed translucent gate.
  7590 | D:7      | Reached skill level 1 in Spellcasting
  8102 | D:7      | Reached XP level 10. HP: 53/81 MP: 8/13
  8433 | D:8      | Lost mutation: You are agile. (Dex +2) [potion of mutation]
  8433 | D:8      | Lost mutation: You are frail. (-10% HP) [potion of
                  | mutation]
  8433 | D:8      | Gained mutation: Your flesh is cold resistant. (rC+)
                  | [potion of mutation]
  8433 | D:8      | Gained mutation: You are strong-willed. (Will+) [potion of
                  | mutation]
  8554 | D:8      | Reached skill level 10 in Armour
  8557 | D:8      | Reached skill level 10 in Fighting
  8832 | D:8      | Gained mutation: You are sensitive to extremes of
                  | temperature. (rF-, rC-) [Ru sacrifice]
  8832 | D:8      | Reached * piety under Ru
  8832 | D:8      | Reached ** piety under Ru
  8903 | D:8      | Found a basalt altar of Yredelemnul.
  9721 | D:9      | Noticed a death yak
 10313 | D:9      | Noticed a boulder beetle
 10325 | D:9      | Killed a boulder beetle
 10608 | D:9      | Noticed a seven-headed hydra
 10609 | D:9      | Noticed a six-headed hydra
 10614 | D:9      | Noticed a deep elf pyromancer
 10615 | D:9      | Noticed a centaur warrior
 10848 | D:10     | Entered Level 10 of the Dungeon
 10864 | D:10     | Found a staircase to the Lair.
 10881 | D:10     | Reached XP level 11. HP: 89/102 MP: 14/14
 10960 | D:10     | Lost mutation: You are strong-willed. (Will+) [potion of
                  | mutation]
 10960 | D:10     | Lost mutation: Your flesh is cold resistant. (rC+) [potion
                  | of mutation]
 10960 | D:10     | Gained mutation: Your flesh is heat resistant. (rF+)
                  | [potion of mutation]
 10960 | D:10     | Gained mutation: You are somewhat resistant to further
                  | mutation. [potion of mutation]
 10960 | D:10     | Gained mutation: You possess an exceptional clarity of
                  | mind. [potion of mutation]
 11015 | D:10     | Found a glowing golden altar of the Shining One.
 11049 | D:10     | Noticed a two-headed ogre
 11057 | D:10     | Killed a two-headed ogre
 11058 | D:10     | Reached skill level 10 in Long Blades
 11315 | D:10     | Noticed Erolcha
 11321 | D:10     | Killed Erolcha
 12005 | Lair:1   | Entered Level 1 of the Lair of Beasts
 12008 | Lair:1   | Identified the +3 chain mail of the Fletcher {rN+ Int+6
                  | Dex-2 Slay+5}
 12036 | D:10     | Gained mutation: You are hated by all. [Ru sacrifice]
 12036 | D:10     | Reached *** piety under Ru
 12078 | D:11     | Noticed a two-headed ogre
 12086 | D:11     | Killed a two-headed ogre
 12517 | D:11     | Found a faded altar of an unknown god.
 12518 | D:11     | Noticed a skeletal warrior
 12531 | D:11     | Killed a skeletal warrior
 12736 | D:11     | Noticed a two-headed ogre
 12741 | D:11     | Killed a two-headed ogre
 13239 | D:9      | Killed a death yak
 13240 | D:9      | Reached XP level 12. HP: 113/113 MP: 15/15
 14000 | D:11     | Reached skill level 10 in Maces & Flails
 14028 | D:11     | Noticed Grum
 14038 | D:11     | Killed Grum
 14845 | D:12     | Noticed a seven-headed hydra
 14860 | D:12     | Killed a seven-headed hydra
 15462 | D:12     | Found a staircase to the Orcish Mines.
 15630 | Orc:1    | Entered Level 1 of the Orcish Mines
 15674 | D:13     | Noticed a four-headed hydra
 15674 | D:13     | a slime creature changed into a four-headed hydra
 15675 | D:13     | a four-headed hydra changed into a manticore
 15705 | D:13     | Reached skill level 5 in Evocations
 15911 | D:13     | HP: 3/115 [komodo dragon (17)]
 16484 | D:13     | Gained mutation: You cannot study or use magical devices.
                  | [Ru sacrifice]
 16484 | D:13     | Reached **** piety under Ru
 16484 | D:13     | Reached ***** piety under Ru
 16853 | D:14     | Found Dareipp's Magic Scroll Emporium.
 16859 | D:14     | Noticed Kirke
 16885 | D:14     | Killed Kirke
 17080 | D:14     | Identified the +8 broad axe of Valour {vorpal, rF+ Will+
                  | Dex+3}
 17089 | D:14     | Reached skill level 1 in Axes
 17095 | D:14     | Bought a scroll of acquirement for 676 gold pieces
 17095 | D:14     | Acquired the ring "Aputunur" {Drain Fly rN+ Slay+4}
 17103 | D:14     | Reached XP level 13. HP: 100/123 MP: 16/16
 17476 | D:14     | Found Nankim's Jewellery Boutique.
 17479 | D:14     | Found Xiffocwi's Book Emporium.
 17533 | D:14     | Noticed Rupert
 17541 | D:14     | Killed Rupert
 17552 | D:14     | Reached skill level 5 in Axes
 17561 | D:14     | Found Goecu's Jewellery Emporium.
 18280 | D:14     | Found a gate to the Vaults.
 18318 | D:15     | Entered Level 15 of the Dungeon
 18353 | D:15     | Lost mutation: You possess an exceptional clarity of mind.
                  | [potion of mutation]
 18353 | D:15     | Lost mutation: Your flesh is heat resistant. (rF+) [potion
                  | of mutation]
 18353 | D:15     | Lost mutation: You are somewhat resistant to further
                  | mutation. [potion of mutation]
 18353 | D:15     | Gained mutation: Potions are less effective at restoring
                  | your health. [potion of mutation]
 18353 | D:15     | Gained mutation: You are somewhat resistant to further
                  | mutation. [potion of mutation]
 18418 | D:15     | Reached skill level 1 in Throwing
 18728 | D:15     | Found a staircase to the Depths.
 18728 | D:15     | Noticed a fire giant
 18763 | D:15     | Gained mutation: You cannot study or cast Earth magic. [Ru
                  | sacrifice]
 18763 | D:15     | Gained mutation: You cannot study or cast Transmutations
                  | magic. [Ru sacrifice]
 18763 | D:15     | Gained mutation: You cannot study or cast Conjurations
                  | magic. [Ru sacrifice]
 18763 | D:15     | Reached ****** piety under Ru
 18885 | D:15     | Killed from afar by a fire giant

Illustrated notes

Levels and vault maps discovered:
D:1:      dreamdust_arrival_sigmund_warning, layout_basic
D:2:      layout_basic, basic_altar, hex_medium, uniq_robin
D:3:      layout_basic, minivault_26, nrook_mini_vaults, uniq_sigmund,
          uniq_terence
D:4:      layout_loops_ring, mainiacjoe_overflow_tiny_flanked, minmay_cupped,
          uniq_ijyb, uniq_duvessa
D:5:      layout_basic, minmay_temple_entry_from_below_a
D:6:      layout_loops_ring, portal_sewer_entry_a
D:7:      layout_gridville, mainiacjoe_overflow_chevrons, gammafunk_ghost_split
D:8:      cheibrodos_iron_armory, layout_loops_cross, mainiacjoe_overflow_paths,
          minmay_fractal_squares_gapless_5
D:9:      layout_roguey, serial_ice, serial_ice_k, serial_ice_n, serial_ice_e,
          serial_ice_m, serial_ice_d, onia_ninara_dug_in_and_dangerous
D:10:     layout_irregular_city, lemuel_doored_altar, david_lair_shrubbed,
          minmay_misc_feat_encased, hex_tiny, hangedman_decor_lopped,
          uniq_erolcha
D:11:     minmay_cornered_nines, layout_loops_ring,
          beargit_hepliaklqana_dungeon_heroes, uniq_grum
D:12:     layout_loops_corners, minmay_orc_entry_temple_small
D:13:     layout_big_octagon, serial_column_ruins, column_ruins_open_tiny,
          column_ruins_open_medium, column_ruins_open_medium,
          column_ruins_open_small, column_ruins_grid_1
D:14:     layout_cave_pools, david_vaults_4, serial_shops, nicolae_shop_crystal,
          nicolae_shop_waterfront, nicolae_shop_advertising_works
          [nicolae_subvault_shop_adworks], nicolae_shop_waterfront,
          hangedman_decor_points, drop_trap, uniq_rupert, uniq_kirke
D:15:     grunt_enter_depths_giant_problem, layout_rooms, serial_shops, shop,
          led_xom_imps
Temple:   dpeg_five_rooms_temple
Lair:1:   layout_hall_layers, eino_small_chamber_without_monster,
          lemuel_fruit_tree, grunt_megastairs_2
Orc:1:    layout_caves, serial_shops, nicolae_lakefront_shop, library_closet,
          abandoned_shop

Skill      XL: |  1  2  3  4  5  6  7  8  9 10 11 12 13 |
---------------+----------------------------------------+-----
Armour         | 4 5 6 7 8 9 11 12 13 | 13.8
Fighting       | 4 5 6 7 8 9 11 12 13 | 13.7
Maces & Flails | 3 4 5 7 8 12 | 12.1
Evocations     | 3 0 |  0.0
Long Blades    | 1 7 9 11 | 11.3
Spellcasting   | 3 |  3.0
Axes           | 2 9 |  9.8
Throwing       | 4 |  4.0
Shields        | |  3.6

Action                   |  1- 3 |  4- 6 |  7- 9 | 10-12 | 13-15 || total
-------------------------+-------+-------+-------+-------+-------++-------
Melee: Flail             |    53 |    62 |   144 |       |       ||   259
       Headbutt          |     2 |     8 |    58 |    97 |    19 ||   184
       Unarmed           |       |    11 |       |       |       ||    11
       Great sword       |       |       |   156 |   239 |       ||   395
       Morningstar       |       |       |       |   183 |       ||   183
       Punch             |       |       |       |     4 |       ||     4
       Broad axe         |       |       |       |     6 |    68 ||    74
Throw: Dart              |    34 |       |    19 |     8 |    20 ||    81
Invok: Sacrifice Resista |       |       |       |     1 |       ||     1
       Sacrifice Love    |       |       |       |     1 |       ||     1
       Power Leap        |       |       |       |     1 |     4 ||     5
       Sacrifice Artific |       |       |       |     1 |       ||     1
       Apocalypse        |       |       |       |       |     4 ||     4
       Sacrifice Arcana  |       |       |       |       |     1 ||     1
Evoke: Wand              |       |       |     6 |    25 |       ||    31
       Piece from Xom's  |       |       |       |    13 |       ||    13
  Use: Potion            |     4 |     3 |     8 |    10 |     3 ||    28
       Scroll            |     4 |     2 |     7 |    23 |     9 ||    45
 Stab: Invisible         |       |       |       |     3 |     1 ||     4
       Paralysed         |       |       |       |     3 |    11 ||    14
       Distracted        |       |       |       |     1 |       ||     1
Armor: Scale mail        |    53 |     9 |       |       |       ||    62
       Plate armour      |       |    24 |   320 |   191 |       ||   535
       Skin              |       |     4 |       |       |       ||     4
       Chain mail        |       |       |       |   166 |    65 ||   231
Dodge: Dodged            |    60 |    26 |   135 |   184 |    56 ||   461
Block: Buckler           |    31 |    16 |    54 |       |       ||   101

Table legend: (Time is in decaauts)
 A = Elapsed time spent in this place.
 B = Non-inter-level travel time spent in this place.
 C = Inter-level travel time spent in this place.
 D = Time resting spent in this place.
 E = Time spent auto-exploring this place.
 F = Levels seen in this place.
 G = Mean time per level.
                   A        B        C        D        E       F      G
               +--------+--------+--------+--------+--------+-----+--------+
         Total |  19085 |  18077 |   1008 |   1900 |  12889 |  19 | 1004.5 |
       Dungeon |  18130 |  17228 |    902 |   1900 |  12293 |  15 | 1208.7 |
        Temple |    368 |    262 |    106 |      0 |    248 |   1 |  368.0 |
          Lair |     10 |     10 |      0 |      0 |      0 |   1 |   10.0 |
  Orcish Mines |      1 |      1 |      0 |      0 |      0 |   1 |    1.0 |
         Sewer |    573 |    573 |      0 |      0 |    347 |   1 |  573.0 |
               +--------+--------+--------+--------+--------+-----+--------+

Top non-repeatable levels by time:
    D:14: 1827 daAuts
    D:11: 1703 daAuts
     D:7: 1620 daAuts
     D:9: 1524 daAuts
     D:6: 1462 daAuts
     D:8: 1426 daAuts
    D:12: 1348 daAuts
     D:2: 1266 daAuts
    D:10: 1260 daAuts
     D:4: 1128 daAuts
     D:5: 1069 daAuts
    D:13: 815 daAuts
     D:3: 707 daAuts
   Sewer: 573 daAuts
    D:15: 548 daAuts
